 Dungeon Crawl Stone Soup version 0.30-a0-672-gc3a7216ad8 (webtiles) character file.

Game seed: 14405382632652317213

11459 Mitcholas the Cleaver (level 11, -16/66 HPs)
             Began as a Gargoyle Fighter on Jan 18, 2023.
             Was the Champion of Okawaru.
             Killed from afar by a deep elf pyromancer (27 damage)
             ... with a bolt of fire
             ... on level 10 of the Dungeon.
             The game lasted 00:37:12 (10836 turns).

Mitcholas the Cleaver (Gargoyle Fighter)           Turns: 10836, Time: 00:37:13

Health: -16/66     AC: 31    Str: 23    XL:     11   Next: 78%
Magic:  15/15      EV:  6    Int: 16    God:    Okawaru [******]
Gold:   735        SH:  5    Dex:  9    Spells: 10/10 levels left

rFire   . . .      SeeInvis .    f - +0 broad axe
rCold   . . .      Faith    +    c - +0 buckler
rNeg    + . .      Spirit   .    x - +0 plate armour
rPois   ∞          Reflect  .    u - +0 helmet
rElec   +          Harm     .    (no cloak)
rCorr   .          Rampage  .    e - +2 pair of gloves
Will    .....                    i - +0 pair of boots Stlth
                                 O - amulet of faith
HPRegen 0.31/turn                s - +4 ring of protection
MPRegen 0.14/turn                E - +6 ring of intelligence

@: no status effects
A: sickness immunity, AC +8, negative energy resistance 1, electricity
resistance, torment resistance 1, petrification resistance
a: Renounce Religion, Heroism, Finesse, Duel


You were on level 10 of the Dungeon.
You worshipped Okawaru.
Okawaru was exalted by your worship.
You visited 2 branches of the dungeon, and saw 11 of its levels.
You also visited: Bailey.

You collected 735 gold pieces.

Inventory:

Hand Weapons
 f - a +0 broad axe (weapon)
 n - the +0 hand axe of Success {flame, Str+5}
   (You found it on level 2 of the Dungeon)

   Str:       It affects your strength (+5).
 R - the +7 lajatang of Order {silver, rMut}
   (Okawaru gifted it to you on level 10 of the Dungeon)

   rMut:      It protects you from mutation.
Missiles
 l - 18 poisoned darts (quivered)
 F - 12 atropa-tipped darts
Armour
 c - a +0 buckler (worn)
 e - a +2 pair of gloves (worn)
 i - a +0 pair of boots (worn)
 u - a +0 helmet (worn)
 x - a +0 plate armour (worn)
Jewellery
 s - a +4 ring of protection (left hand)
 E - a +6 ring of intelligence (right hand)
 O - an amulet of faith (around neck)
Wands
 a - a wand of polymorph (5)
 K - a wand of digging (10)
 M - a wand of quicksilver (3)
Scrolls
 b - 3 scrolls of blinking {unknown}
 g - 3 scrolls of enchant armour {unknown}
 h - 2 scrolls of vulnerability {unknown}
 o - a scroll of amnesia {unknown}
 q - 4 scrolls of fog {unknown}
 r - 2 scrolls of butterflies {unknown}
 v - a scroll of enchant weapon {unknown}
 y - 4 scrolls of noise {unknown}
 D - a scroll of fear {unknown}
 G - 3 scrolls of immolation {unknown}
 H - a scroll of poison {unknown}
 J - 4 scrolls of teleportation {unknown}
 N - a scroll of magic mapping {unknown}
 Q - a scroll of acquirement {unknown}
Potions
 d - 6 potions of might
 j - a potion of resistance {unknown}
 k - 2 potions of haste
 m - 3 potions of mutation
 p - a potion of invisibility
 t - a potion of attraction {unknown}
 w - 3 potions of brilliance
 z - 2 potions of lignification {unknown}
 A - 2 potions of heal wounds
 B - 2 potions of degeneration {unknown}
 C - 4 potions of curing {unknown}
 I - 3 potions of ambrosia
 L - 2 potions of flight {unknown}
 P - a potion of magic {unknown}
Miscellaneous
 S - a piece from Xom's chessboard (15/15)


   Skills:
 + Level 6.9 Fighting
 * Level 12.9 Axes
 + Level 6.9 Armour
 + Level 0.7 Dodging
 - Level 6.0 Shields
 + Level 5.8 Invocations
 + Level 4.7 Evocations


You had 10 spell levels left.
You didn't know any spells.
Your spell library contained the following spells:

 Spells                   Type           Power      Damage    Failure   Level
 Beastly Appendage        Tmut           0%         N/A       99%         1
 Necrotise                Necr           0%         1d4       99%         1
 Shock                    Conj/Air       0%         1d3       99%         1
 Poisonous Vapours        Pois/Air       0%         N/A       100%        2
 Wereblood                Tmut           0%         N/A       100%        2
 Dazzling Flash           Conj/Hex       0%         N/A       100%        3
 Mephitic Cloud           Conj/Pois/Air  0%         N/A       100%        3
 Spider Form              Tmut/Pois      0%         N/A       100%        3
 Vampiric Draining        Necr           0%         2d6       100%        3
 Airstrike                Air            0%         2d(0-16)  100%        4
 Passage of Golubria      Tloc           0%         N/A       100%        4
 Agony                    Necr           0%         N/A       100%        5
 Arcjolt                  Conj/Air       0%         1d10      100%        5
 Lightning Bolt           Conj/Air       0%         1d11      100%        5
 Silence                  Hex/Air        0%         N/A       100%        5
 Discord                  Hex            0%         N/A       100%        8
 Lehudib's Crystal Spear  Conj/Erth      0%         10d2      100%        8
 Cigotuvi's Dreadful Rot  Necr/Pois/Air  Unusable   N/A       N/A         2
 Tukima's Dance           Hex            Unusable   N/A       N/A         3
 Summon Lightning Spire   Summ/Air       Unusable   N/A       N/A         4

Dungeon Overview and Level Annotations

Branches:
Dungeon (10/15)            Temple (1/1) D:4          Bailey (visited)
   Lair: D:8-11         Orc: D:9-12

Altars:
Ashenzari
Cheibriados
Dithmenos
Elyvilon
Fedhas
Gozag
Hepliaklqana
Kikubaaqudgha
Makhleb
Nemelex Xobeh
Okawaru
Qazlal
Ru
Sif Muna
Trog
Uskayaw
Vehumet
Wu Jian
Xom
Yredelemnul
Zin
The Shining One
Jiyva

Shops:
D:3 *   D:9 (

Annotations:
D:8 2 transporters


Innate Abilities, Weirdness & Mutations

You are immune to sickness and miasma.
Your stone body is resilient. (AC +8)
You are immune to poison.
You resist negative energy. (rN+)
You are resistant to electric shocks. (rElec)
You are resistant to unholy torment.
You are immune to petrification.


Message History

You closely miss the deep elf pyromancer.
The deep elf pyromancer is severely wounded.
You slash the fire elemental! The fire elemental barely misses you.
The deep elf pyromancer hits you but does no damage.
You block the fire elemental's attack.
You barely miss the deep elf pyromancer.
The deep elf pyromancer is severely wounded.
You slash the fire elemental!
The fire elemental completely misses you.
The deep elf pyromancer mumbles some strange words.
The deep elf pyromancer blinks!
You block the fire elemental's attack.
The deep elf pyromancer points at you and mumbles some strange words.
The bolt of fire hits you!!
You slash the deep elf pyromancer!
The deep elf pyromancer is almost dead.
You closely miss the fire elemental. You block the fire elemental's attack.
The fire elemental hits you. The fire elemental burns you!
The deep elf pyromancer hits you but does no damage.
You closely miss the deep elf pyromancer.
The deep elf pyromancer is almost dead.
You slash the fire elemental! The fire elemental hits you.
The deep elf pyromancer casts a spell.
You hit the deep elf pyromancer.
The deep elf pyromancer is almost dead.
You closely miss the fire elemental. You completely miss the fire elemental.
The fire elemental disappears in a puff of smoke!
The fire elemental hits you. The fire elemental burns you!
The deep elf pyromancer hits you but does no damage.
You barely miss the deep elf pyromancer.
The deep elf pyromancer is almost dead.
You hit the fire elemental. x2; You slash the fire elemental!
The fire elemental hits you. The fire elemental burns you!
* * * LOW HITPOINT WARNING * * *
The fire elemental hits you. The fire elemental burns you!
* * * LOW HITPOINT WARNING * * *
You block the fire elemental's attack.
The deep elf pyromancer casts a spell at you.
The bolt of fire hits you!!
You die...

~≈≈≈≈≈≈≈≈≈≈≈≈≈≈≈≈≈≈~~~...........
≈≈≈≈≈≈≈≈≈≈≈≈≈≈≈≈≈≈≈≈≈≈~..........
≈≈≈≈≈≈≈≈≈≈≈≈≈≈≈≈≈≈≈≈≈≈~..........
≈≈≈≈≈≈≈≈≈≈≈≈≈≈≈≈≈≈≈≈≈~#######..
≈≈~~≈≈≈≈≈≈≈≈≈#≈~~~.......# ..
~≈.~~≈~≈~≈~~§≈≈~.........#
.........○...........#
.......○.eE§.........#
.......>E@..........<#
..........E..........#
.....................#
....########.........# #...
#.........# #.. #.........# ##
###########


You could see a deep elf pyromancer (empowered) and 3 fire elementals.

Vanquished Creatures
  2 vault guards (Bailey)
  A centaur warrior (D:9)
  Erica (D:10)
  A skeletal warrior (D:9)
  A wizard (D:10)
  A freezing wraith (D:9)
  A kobold demonologist (D:9)
  A troll (D:10)
  Prince Ribbit (Bailey)
  A slime creature (D:9)
  A shadow (D:8)
  4 yaks (D:8)
  6 humans (Bailey)
  A redback (D:9)
  3 steam dragons
  Menkaure (D:5)
  2 water moccasins
  3 orc warriors
  3 ice beasts
  2 sky beasts
  A black bear (D:5)
  2 ogres
  3 centaurs
  2 kobold brigands (D:8)
  15 bullfrogs
  2 necrophages
  A gnoll sergeant (D:6)
  12 killer bees
  2 electric eels (D:10)
  5 howler monkeys
  A jelly (D:8)
  8 hounds
  A gnoll bouda (D:4)
  9 orc priests
  12 orc wizards
  An iguana (D:5)
  6 adders
  13 gnolls
  8 river rats (D:6)
  2 shadow imps (D:6)
  4 white imps
  4 ufetubi (D:4)
  3 dart slugs
  34 orcs
  7 ball pythons
  3 bats
  5 endoplasms
  3 giant cockroaches
  13 goblins
  5 hobgoblins
  9 quokkas
  4 frilled lizards
  13 kobolds
  19 rats
269 creatures vanquished.

Vanquished Creatures (others)
  2 demonic plants (D:4)
2 creatures vanquished.

Grand Total: 271 creatures vanquished

Notes
Turn   | Place    | Note
-------+----------+-------------------------------------------
     0 | D:1      | Mitcholas the Gargoyle Fighter began the quest for the Orb.
     0 | D:1      | Reached XP level 1. HP: 14/14 MP: 1/1
    90 | D:1      | Reached skill level 2 in Axes
   269 | D:1      | Reached XP level 2. HP: 19/19 MP: 2/2
   895 | D:2      | Identified the +0 robe "Aryqow" {rF+ Str+2}
   944 | D:2      | Reached skill level 3 in Axes
   944 | D:2      | Reached XP level 3. HP: 18/23 MP: 3/3
   963 | D:2      | Identified the +0 hand axe of Success {flame, Str+5}
  1084 | D:2      | Found a faded altar of an unknown god.
  1177 | D:2      | Found an ancient bone altar of Kikubaaqudgha.
  1679 | D:3      | Found a hide-covered altar of Uskayaw.
  1858 | D:3      | Reached XP level 4. HP: 28/28 MP: 4/4
  2068 | D:3      | Found Kaomil's General Store.
  2140 | D:3      | Reached skill level 4 in Axes
  2173 | D:3      | Found a blossoming altar of Fedhas.
  2174 | D:3      | Found a radiant altar of Vehumet.
  2175 | D:3      | Found a glowing silver altar of Zin.
  2181 | D:3      | Identified the +0 robe of Hairiness {rN+ Slay+2}
  2507 | D:4      | Reached XP level 5. HP: 32/32 MP: 5/5
  2618 | D:4      | Found a staircase to the Ecumenical Temple.
  2635 | Temple   | Entered the Ecumenical Temple
  2660 | Temple   | Became a worshipper of Warmaster Okawaru
  2744 | D:4      | Reached skill level 5 in Axes
  3096 | D:4      | Reached XP level 6. HP: 33/37 MP: 6/6
  3541 | D:5      | Entered Level 5 of the Dungeon
  3550 | D:4      | Reached skill level 6 in Axes
  3578 | D:4      | Reached * piety under Okawaru
  3723 | D:5      | Reached XP level 7. HP: 41/41 MP: 7/7
  3868 | D:5      | Noticed Menkaure
  3885 | D:5      | Killed Menkaure
  3886 | D:5      | Reached skill level 7 in Axes
  4097 | D:5      | Noticed a steam dragon
  4111 | D:5      | Killed a steam dragon
  4111 | D:5      | Reached ** piety under Okawaru
  4112 | D:5      | Reached skill level 8 in Axes
  4115 | D:5      | Found an opulent altar of Gozag.
  4116 | D:5      | Found a stormy altar of Qazlal.
  4172 | D:5      | Found a glowing golden altar of the Shining One.
  4294 | D:5      | Reached XP level 8. HP: 41/46 MP: 8/8
  4646 | D:6      | Found a broken altar of Ashenzari.
  4740 | D:6      | Reached skill level 9 in Axes
  5016 | D:5      | Reached *** piety under Okawaru
  5017 | D:5      | Reached skill level 10 in Axes
  5363 | D:6      | Reached XP level 9. HP: 40/51 MP: 9/9
  6281 | D:7      | Reached skill level 11 in Axes
  6324 | D:7      | Found a flagged portal.
  6343 | Bailey   | Entered a bailey
  6361 | Bailey   | Reached skill level 1 in Invocations
  6440 | Bailey   | Reached skill level 1 in Evocations
  6544 | Bailey   | Reached **** piety under Okawaru
  6769 | Bailey   | Reached XP level 10. HP: 57/58 MP: 11/11
  6809 | Bailey   | Noticed a vault guard
  6809 | Bailey   | Noticed Prince Ribbit
  6828 | Bailey   | Killed Prince Ribbit
  6828 | Bailey   | Reached ***** piety under Okawaru
  6839 | Bailey   | Killed a vault guard
  6839 | Bailey   | Received a gift from Okawaru
  6840 | Bailey   | Reached skill level 5 in Fighting
  6840 | Bailey   | Reached skill level 5 in Armour
  6919 | Bailey   | Noticed a vault guard
  6923 | Bailey   | Reached skill level 5 in Shields
  6938 | Bailey   | Killed a vault guard
  7201 | D:7      | Found a sparkling altar of Nemelex Xobeh.
  7215 | D:7      | Reached skill level 12 in Axes
  7763 | D:8      | Found a transporter.
  7768 | D:8      | Found a transporter.
  7771 | D:8      | Found a viscous altar of Jiyva.
  7812 | D:8      | Noticed a great orb of eyes
  8132 | D:8      | Found an ornate altar of the Wu Jian Council.
  8193 | D:8      | Reached XP level 11. HP: 46/64 MP: 14/14
  8408 | D:8      | Identified the +10 quick blade of Okawaru's Approval
                  | {venom, rElec Str+4 SInv} (Okawaru gifted it to you on
                  | level 8 of the Dungeon)
  8408 | D:8      | Received a gift from Okawaru
  8987 | D:9      | Found Juunk's Antique Weapon Shoppe.
  9273 | D:9      | Noticed a manticore
  9273 | D:9      | Noticed a centaur warrior
  9469 | D:9      | Killed a centaur warrior
  9611 | D:9      | Reached ****** piety under Okawaru
  9612 | D:9      | Reached skill level 5 in Invocations
  9875 | D:9      | Noticed a skeletal warrior
  9900 | D:9      | Killed a skeletal warrior
  9908 | D:9      | Identified the amulet of the Firefly {rF+++ Regen+ rCorr
                  | Int-3}
 10080 | D:10     | Entered Level 10 of the Dungeon
 10086 | D:10     | Noticed a wizard
 10102 | D:10     | Killed a wizard
 10125 | D:10     | Noticed a deep elf pyromancer
 10482 | D:10     | Received a gift from Okawaru
 10482 | D:10     | Found the +7 lajatang of Order {silver, rMut}
 10630 | D:10     | Noticed Erica
 10663 | D:10     | Killed Erica
 10765 | D:10     | Got the Volume of Sand
 10772 | D:10     | Got Ts'ui Pên's Handbook of Forking Paths
 10836 | D:10     | Killed from afar by a deep elf pyromancer

Illustrated notes

Levels and vault maps discovered:
D:1:      tarquinn_simple_flora_water_b, layout_basic
D:2:      layout_loops_ring, shapermc_ecumenical_altar_mp_urbaneastern,
          basic_altar
D:3:      layout_loops_ring, mainiacjoe_overflow_surrounded_room,
          chequers_temple_overflow_statue_of_worship, serial_shops, shop,
          nicolae_hexahallways
D:4:      layout_basic, temple_pool_b, serial_demonic, serial_demonic_b,
          serial_demonic_f, serial_demonic_a, serial_demonic_e,
          serial_demonic_f, serial_demonic_e, reono_crystal_passage,
          kennysheep_generic_room_3
D:5:      layout_loops_cross, tso_altar, minitemple, uniq_menkaure
D:6:      lemuel_ratsnest, layout_layer_cave, nicolae_ashenzari_skybound,
          minmay_starry_boxes
D:7:      layout_cave_pools, nemelex_dance_club_becter, enter_bailey_3
D:8:      gammafunk_jiyva_shrine, layout_basic,
          nicolae_wu_jian_immortal_techniques, onia_ninara_dug_in_and_dangerous
D:9:      minmay_shrinking_squares, layout_stronghold, serial_shops,
          nicolae_shop_window_shopping
D:10:     layout_basic, erik_lair_dragon, bh_hangedman_babel_library, uniq_erica
Temple:   hellmonk_temple_two_chambers

Skill      XL: |  1  2  3  4  5  6  7  8  9 10 11 |
---------------+----------------------------------+-----
Axes           | 2 3 4 5 6 8 10 11 12 | 12.9
Invocations    | 2 4 5 |  5.8
Evocations     | 2 3 4 |  4.7
Fighting       | 4 5 6 |  6.9
Shields        | 4 5 6 |  6.0
Armour         | 4 5 6 |  6.9
Dodging        | |  0.7

Action                   |  1- 3 |  4- 6 |  7- 9 | 10-12 || total
-------------------------+-------+-------+-------+-------++-------
Melee: War axe           |    55 |       |       |       ||    55
       Hand axe          |    36 |   164 |   482 |    30 ||   712
       Broad axe         |       |       |       |   397 ||   397
Throw: Dart              |       |       |    21 |    18 ||    39
Invok: Heroism           |       |       |       |     2 ||     2
Evoke: Wand              |       |       |       |    18 ||    18
  Use: Potion            |       |       |     1 |     6 ||     7
       Scroll            |       |       |       |     5 ||     5
Armor: Scale mail        |    51 |       |       |       ||    51
       Chain mail        |     3 |   140 |   299 |    19 ||   461
       Plate armour      |       |       |       |   326 ||   326
Dodge: Dodged            |    51 |    73 |   110 |   124 ||   358
Block: Buckler           |     9 |    31 |    73 |    91 ||   204

Table legend: (Time is in decaauts)
 A = Elapsed time spent in this place.
 B = Non-inter-level travel time spent in this place.
 C = Inter-level travel time spent in this place.
 D = Time resting spent in this place.
 E = Time spent auto-exploring this place.
 F = Levels seen in this place.
 G = Mean time per level.
                   A        B        C        D        E       F      G
               +--------+--------+--------+--------+--------+-----+--------+
         Total |  10815 |  10017 |    798 |   1021 |   6267 |  12 |  901.2 |
       Dungeon |  10106 |   9328 |    778 |    696 |   6223 |  10 | 1010.6 |
        Temple |     34 |     14 |     20 |      0 |     10 |   1 |   34.0 |
        Bailey |    673 |    673 |      0 |    325 |     34 |   1 |  673.0 |
               +--------+--------+--------+--------+--------+-----+--------+

Top non-repeatable levels by time:
     D:9: 1473 daAuts
     D:6: 1358 daAuts
     D:8: 1179 daAuts
     D:5: 1179 daAuts
     D:4: 1089 daAuts
     D:1: 893 daAuts
     D:3: 832 daAuts
     D:2: 786 daAuts
    D:10: 709 daAuts
  Bailey: 673 daAuts
     D:7: 605 daAuts
  Temple: 34 daAuts
